 Dungeon Crawl Stone Soup version 0.31-a0-705-ga145531891 (webtiles) character file.

Game seed: 14830592539412897195

7462 Ekaitz the Zephyrmancer (level 11, -1/64 HPs)
             Began as a Tengu Air Elementalist on Sept 9, 2023.
             Was a Priest of Vehumet.
             Slain by a yak (3 damage)
             ... on level 10 of the Dungeon on Sept 10, 2023.
             The game lasted 00:28:44 (12062 turns).

Ekaitz the Zephyrmancer (Tengu Air Elementalist)   Turns: 12062, Time: 00:28:45

Health: -1/64      AC:  9    Str: 11    XL:     11   Next: 15%
Magic:  18/31      EV: 20    Int: 20    God:    Vehumet [***...]
Gold:   247        SH:  0    Dex: 21    Spells: 11/23 levels left

rFire   . . .        w - staff of air
rCold   . . .        (no shield)
rNeg    + . .        L - +2 leather armour "Udiritile" {MP+9 Int+3}
rPois   .            M - +2 hat
rElec   +            n - +0 cloak
rCorr   .            e - +0 pair of gloves
SInv    .            (boots unavailable)
Will    .....        (no amulet)
Stlth   +++          m - +6 ring of dexterity
HPRegen 0.30/turn    y - ring of positive energy
MPRegen 0.22/turn

%: acrobat
@: flying, studying Maces & Flails
A: beak, talons 3, evasive flight, acrobatic
a: Renounce Religion


You were on level 10 of the Dungeon.
You worshipped Vehumet.
Vehumet was most pleased with you.
You visited 2 branches of the dungeon, and saw 12 of its levels.
You also visited: Ossuary.

You collected 757 gold pieces.
You spent 510 gold pieces at shops.

Inventory:

Hand Weapons
 h - a +1 dagger of venom
 p - the +5 flail of Gloom {speed, Will++ Str+4}
   (You found it on level 7 of the Dungeon)

   Str+4:     It affects your strength (+4).
   Will++:    It greatly increases your willpower.
 x - a +1 vampiric trident
 A - the +1 morningstar "Gogopt" {distort, rN+ MP+9 Str+2 Stlth+}
   (You bought it in a shop on level 9 of the Dungeon)

   Str+2:     It affects your strength (+2).
   rN+:       It protects you from negative energy.
   MP+9:      It affects your magic capacity (+9).
   Stlth+:    It makes you more stealthy.
 R - a +0 flail of holy wrath
 U - a +5 hand axe of freezing
 V - a +2 dire flail
 Y - a +2 war axe of flaming
Missiles
 d - a curare-tipped dart
 j - 42 poisoned darts
 Z - 2 throwing nets
Armour
 a - +0 steam dragon scales
 e - a +0 pair of gloves (worn)
 n - a +0 cloak (worn)
 L - the +2 leather armour "Udiritile" (worn) {MP+9 Int+3}
   (You found it on level 6 of the Dungeon)

   Int+3:     It affects your intelligence (+3).
   MP+9:      It affects your magic capacity (+9).
 M - a +2 hat (worn)
 T - a +2 ring mail of willpower
Magical Staves
 k - a staff of poison
 w - a staff of air (weapon)
 S - a staff of fire
Jewellery
 m - a +6 ring of dexterity (left hand)
 y - a ring of positive energy (right hand)
 B - a ring of fire
 O - a ring of ice
Talismans
 t - a maw talisman
 J - a serpent talisman
Wands
 q - a wand of iceblast (6)
 r - a wand of polymorph (5)
 v - a wand of acid (4)
 H - a wand of flame (27)
 X - a wand of paralysis (13)
Scrolls
 c - 2 scrolls of immolation {unknown}
 f - 3 scrolls of revelation
 g - 3 scrolls of blinking
 l - 4 scrolls of poison {unknown}
 o - 4 scrolls of noise {unknown}
 s - 2 scrolls of teleportation
 u - 3 scrolls of fog {unknown}
 z - 2 scrolls of acquirement {unknown}
 C - a scroll of brand weapon
 K - a scroll of enchant weapon
 W - a scroll of enchant armour
Potions
 b - 3 potions of magic
 i - 2 potions of berserk rage
 D - 2 potions of enlightenment {unknown}
 E - 2 potions of lignification
 F - 5 potions of curing
 G - a potion of ambrosia
 I - 2 potions of brilliance
 N - 2 potions of heal wounds
 P - a potion of haste
 Q - a potion of invisibility


   Skills:
 * Level 5.3 Fighting
 + Level 0.2 Short Blades
 + Level 0.5 Staves
 + Level 1.8 Armour
 * Level 6.7 Dodging
 + Level 3.4 Stealth
 + Level 6.6 Spellcasting
 + Level 6.5 Conjurations
 * Level 11.9 Air Magic
 * Level 1.2 Poison Magic
 * Level 4.8 Evocations
 * Level 4.6 Shapeshifting


You had 11 spell levels left.
You knew the following spells:

 Your Spells              Type           Power      Damage    Failure   Level
a - Shock                 Conj/Air       100%       1d9       1%          1
b - Static Discharge      Conj/Air       100%       2-7/arc   1%          2
c - Swiftness             Air            69%        N/A       1%          3
d - Airstrike             Air            34%        2d(5-21)  1%          4
e - Poisonous Vapours     Pois/Air       98%        N/A       1%          2

Your spell library contained the following spells:

 Spells                   Type           Power      Damage    Failure   Level
 Sticky Flame             Conj/Fire      19%        2d4       9%          4
 Slow                     Hex            24%        N/A       13%         1
 Confusing Touch          Hex            6%         N/A       36%         3
 Sigil of Binding         Hex            6%         N/A       36%         3
 Vampiric Draining        Necr           6%         2d6       36%         3
 Manifold Assault         Tloc           6%         N/A       77%         4
 Dispersal                Tloc           3%         N/A       100%        6
 Disjunction              Tloc           3%         N/A       100%        8


Dungeon Overview and Level Annotations

Branches:
Dungeon (11/15)            Temple (1/1) D:6             Orc (0/2) D:10
Ossuary (visited)
   Lair: D:8-11

Altars:
Ashenzari
Cheibriados
Dithmenos
Elyvilon
Fedhas
Gozag
Hepliaklqana
Kikubaaqudgha
Makhleb
Nemelex Xobeh
Okawaru
Qazlal
Ru
Sif Muna
Trog
Uskayaw
Vehumet
Wu Jian
Xom
Yredelemnul
Zin
The Shining One

Shops:
D:7 !   D:9 (

Annotations:
D:5 Dowan, Duvessa
D:9 2 transporters, bmack86's ghost, novice MiFi


Innate Abilities, Weirdness & Mutations

You have a beak for a mouth.
You have claws for feet.
Your magical flight helps you evade attacks. (EV +4)
You can magically evade attacks while moving or waiting.


Message History

Confirm with . or Enter, or press ? or * to list all spells.
You feel a surge of power!
The yak is struck by an arc of lightning!
The yak is heavily wounded.
The yak is struck by an arc of lightning!
The yak is lightly wounded.
The yak is struck by an arc of lightning!
The yak is severely wounded.
The lightning grounds out.
The yak gores you!
* * * LOW HITPOINT WARNING * * *
Unknown command.
Unknown command.
Casting: Static Discharge (safe; 1% risk of failure)
Confirm with . or Enter, or press ? or * to list all spells.
Aiming: Airstrike (safe; 1% risk of failure)
Press: ? - help, Dir - move target, f/p - yak
Aim: a yak (severely wounded, very poisoned, empty space bonus: 2/8)
You feel a surge of power!
The air twists around and strikes the yak!
The yak is almost dead.
The yak completely misses you.
Casting: Airstrike (safe; 1% risk of failure)
Confirm with . or Enter, or press ? or * to list all spells.
Aiming: Shock (safe; 1% risk of failure)
Press: ? - help, Shift-Dir - straight line, f/p - yak
Aim: a yak (almost dead, very poisoned, 84% to hit)
You feel a surge of power!
The zap hits the yak.
You kill the yak!
Vehumet accepts your kill.
The zap hits the yak!
The yak is moderately wounded.
Unknown command.
Casting: Shock (safe; 1% risk of failure)
Confirm with . or Enter, or press ? or * to list all spells.
Aiming: Poisonous Vapours (safe; 1% risk of failure)
Press: ? - help, Dir - move target, f - yak
Aim: a yak (moderately wounded)
You feel a surge of power!
Poisonous vapours surround the yak!
The yak is poisoned.
The yak gores you.
You die...

############
#..........#
#.########.# #.# #.#
#.# #.# #.###### #.#
#.....<# #.# ###
##########.###.#
#....@Y.....# ######
#.#####.###.# #....#
#.##......#.###....#
#.##.##............#
#.##.#....#.##.....###
#.##.#..###.#.........
#.##.#..#...........##
#.##.##.#.#.#..>......
#.##.#.............###


You could see a yak (very poisoned).

Vanquished Creatures
  A two-headed ogre (D:8)
  An orc knight (D:10)
  An unseen horror (D:7)
  Maggie (D:9)
  A troll (D:10)
  A hornet (D:10)
  A wyvern (D:9)
  A wraith (D:6)
  A yak (D:10)
  A human (D:4)
  2 steam dragons
  2 water moccasins
  3 acid dragons
  7 orc warriors
  2 ice beasts
  4 black bears
  An ogre (D:7)
  2 centaurs
  A phantom (D:6)
  2 elf zombies (Ossuary)
  4 kobold brigands
  A gnoll sergeant (D:8)
  2 bullfrogs (D:7)
  3 wights (D:8)
  8 killer bees
  3 electric eels (D:10)
  2 howler monkeys (D:9)
  3 hounds
  2 gnoll boudas
  9 orc priests
  A jelly (D:8)
  Jessica (D:3)
  An iguana (D:5)
  A sleepcap (D:7)
  Ijyb (D:3)
  15 orc wizards
  5 mummies
  13 gnolls
  5 adders
  3 worms
  The ghost of blessed the Shield-Bearer, a weakling FoFi (D:6)
  4 dart slugs
  53 orcs
  8 ball pythons
  4 endoplasms
  3 giant cockroaches
  3 gnoll zombies (Ossuary)
  10 goblins
  5 hobgoblins
  26 kobolds
  4 quokkas
  4 bats
  A frilled lizard (D:1)
  A jackal zombie (Ossuary)
  2 kobold zombies (Ossuary)
  3 orc zombies (Ossuary)
  A rat (D:3)
  A rat zombie (Ossuary)
  A butterfly (D:7)
254 creatures vanquished.

Notes
Turn   | Place    | Note
-------+----------+-------------------------------------------
     0 | D:1      | Ekaitz the Tengu Air Elementalist began the quest for the
                  | Orb.
     0 | D:1      | Reached XP level 1. HP: 10/10 MP: 4/4
   251 | D:1      | Reached XP level 2. HP: 8/15 MP: 0/6
   288 | D:1      | Learned a level 2 spell: Static Discharge
   931 | D:1      | Reached XP level 3. HP: 19/19 MP: 0/7
   935 | D:1      | Learned a level 3 spell: Swiftness
  2133 | D:3      | Reached XP level 4. HP: 24/24 MP: 4/8
  2188 | D:3      | Noticed Ijyb
  2198 | D:3      | Killed Ijyb
  2662 | D:3      | Found an opulent altar of Gozag.
  2755 | D:3      | Noticed Jessica
  2759 | D:3      | Killed Jessica
  3067 | D:4      | Reached XP level 5. HP: 25/28 MP: 8/10
  3088 | D:4      | Found a runed translucent door.
  3088 | D:4      | Noticed a human
  3091 | D:4      | Found a basalt altar of Yredelemnul.
  3099 | D:4      | Killed a human
  3100 | D:4      | Reached skill level 1 in Fighting
  3100 | D:4      | Reached skill level 5 in Air Magic
  3100 | D:4      | Reached XP level 6. HP: 19/34 MP: 4/11
  3105 | D:4      | Learned a level 4 spell: Airstrike
  3365 | D:4      | Reached skill level 1 in Evocations
  3563 | D:4      | Reached skill level 1 in Shapeshifting
  3966 | D:5      | Entered Level 5 of the Dungeon
  3988 | D:5      | Noticed an ice beast
  4006 | D:5      | Noticed Duvessa
  4007 | D:5      | Noticed Dowan
  4102 | D:5      | Killed an ice beast
  4103 | D:5      | Gained mutation: Your magical flight helps you evade
                  | attacks. (EV +4) [Tengu growth]
  4103 | D:5      | Reached XP level 7. HP: 39/39 MP: 5/13
  4129 | D:5      | Found a sand-covered staircase.
  4141 | D:5      | Found a sacrificial altar of Ru.
  4356 | D:5      | Reached skill level 6 in Air Magic
  4425 | Ossuary  | Entered an ossuary
  5020 | D:5      | Reached XP level 8. HP: 45/45 MP: 4/14
  5423 | D:5      | Found a glowing silver altar of Zin.
  5855 | D:6      | Found a snail-covered altar of Cheibriados.
  5901 | D:6      | Noticed a wraith
  5911 | D:6      | Killed a wraith
  5912 | D:6      | Reached skill level 7 in Air Magic
  6283 | D:6      | Found a staircase to the Ecumenical Temple.
  6291 | Temple   | Entered the Ecumenical Temple
  6321 | Temple   | Became a worshipper of Vehumet
  6495 | D:6      | Reached skill level 8 in Air Magic
  6546 | D:6      | Reached XP level 9. HP: 44/51 MP: 5/17
  6986 | D:6      | Identified the +2 leather armour "Udiritile" {MP+9 Int+3}
  7066 | D:6      | Found a runed translucent gate.
  7066 | D:6      | Found a runed translucent gate.
  7066 | D:6      | Found a runed translucent gate.
  7068 | D:6      | Noticed blessed's ghost (weakling FoFi)
  7286 | D:6      | Reached skill level 5 in Dodging
  7286 | D:6      | Reached skill level 5 in Conjurations
  7377 | D:6      | Killed blessed's ghost
  7552 | D:7      | Killed an unseen horror
  7553 | D:7      | Reached skill level 5 in Spellcasting
  7553 | D:7      | Reached skill level 9 in Air Magic
  7662 | D:7      | Found a blossoming altar of Fedhas.
  7662 | D:7      | Found a sparkling altar of Nemelex Xobeh.
  7947 | D:7      | Found Isub Josch's Distillery.
  7960 | D:7      | Reached * piety under Vehumet
  7960 | D:7      | Offered knowledge of Sandblast by Vehumet.
  7968 | D:7      | Bought a potion of haste for 140 gold pieces
  7968 | D:7      | Bought a potion of invisibility for 112 gold pieces
  7968 | D:7      | Bought a potion of curing for 42 gold pieces
  8072 | D:7      | Found a shadowy altar of Dithmenos.
  8143 | D:7      | Identified the +5 flail of Gloom {speed, Will++ Str+4}
  8244 | D:7      | Found a shimmering altar of Xom.
  8615 | D:7      | Found a burning altar of Makhleb.
  8748 | D:8      | Noticed a two-headed ogre
  8776 | D:8      | Killed a two-headed ogre
  8777 | D:8      | Reached skill level 1 in Armour
  8777 | D:8      | Reached skill level 10 in Air Magic
  8777 | D:8      | Reached XP level 10. HP: 33/57 MP: 13/19
  9269 | D:8      | Reached ** piety under Vehumet
  9269 | D:8      | Offered knowledge of Kiss of Death by Vehumet.
  9821 | D:9      | Noticed Maggie
  9825 | D:9      | Killed Maggie
  9828 | D:9      | Found a transporter.
  9828 | D:9      | Noticed bmack86's ghost (novice MiFi)
 10098 | D:9      | Reached skill level 11 in Air Magic
 10291 | D:9      | Found an ornate altar of the Wu Jian Council.
 10358 | D:9      | Found a transporter.
 10380 | D:9      | Found Gimyptor's Antique Weapon Shop.
 10421 | D:9      | Bought a scorched morningstar for 216 gold pieces
 10421 | D:9      | Identified the +1 morningstar "Gogopt" {distort, rN+ MP+9
                  | Str+2 Stlth+} (You bought it in a shop on level 9 of the
                  | Dungeon)
 10536 | D:10     | Entered Level 10 of the Dungeon
 10614 | D:10     | Offered knowledge of Poisonous Vapours by Vehumet.
 10618 | D:10     | Learned a level 2 spell: Poisonous Vapours
 10778 | D:10     | Reached *** piety under Vehumet
 11005 | D:10     | Reached skill level 5 in Fighting
 11236 | D:10     | Noticed an orc knight
 11260 | D:10     | Killed an orc knight
 11260 | D:10     | Offered knowledge of Sticky Flame by Vehumet.
 11261 | D:10     | Reached skill level 1 in Poison Magic
 11261 | D:10     | Reached XP level 11. HP: 41/64 MP: 21/21
 11891 | D:10     | Found a staircase to the Orcish Mines.
 12059 | D:10     | HP: 1/64 [yak (12)]
 12062 | D:10     | Slain by a yak

Illustrated notes

Levels and vault maps discovered:
D:1:      minmay_arrival_doors, layout_loops_ring, dk_noncrumbling_2
D:2:      layout_basic
D:3:      layout_loops_corners, grunt_gozag_statues, uniq_ijyb, uniq_jessica
D:4:      layout_rooms, dk_yredelemnul_ordeal, corexii_leaking_fountain,
          minmay_manual_moon
D:5:      layout_layer_cave, nicolae_ru_awakened_eye,
          mainiacjoe_overflow_alcove_1, gup_ossuary_entry_pyramid, uniq_duvessa
D:6:      layout_gridville, nicolae_overflow_crystal_walls,
          minmay_temple_entry_drinking_statues, biasface_ghost_orc_armoury
D:7:      layout_loops_corners, xom_butterflies,
          chequers_temple_overflow_statue_of_worship, lightli_temple_of_fire,
          nicolae_dithmenos_shadow_blocks, serial_shops, shop
D:8:      layout_basic
D:9:      layout_rooms, kennysheep_mini, gammafunk_ghost_arena, serial_shops,
          shop, minivault_23, uniq_maggie
D:10:     layout_basic, erik_orc_2, kennysheep_generic_room_4
D:11:     layout_basic, due_lair_maze_entry_diamond, serial_bayou,
          serial_bayou_lagoon_b, serial_bayou_shore_b, serial_bayou_pond_e,
          serial_bayou_shore_b, nicolae_qazlal_scattered_showers
Temple:   minmay_temple_curvy_loop

Skill      XL: |  1  2  3  4  5  6  7  8  9 10 |
---------------+-------------------------------+-----
Dodging        | 3 4 5 6 |  6.7
Conjurations   | 2 3 4 5 6 |  6.5
Fighting       | 1 2 3 4 5 |  5.3
Stealth        | 3 |  3.4
Spellcasting   | 3 4 5 6 |  6.6
Air Magic      | 5 6 8 10 11 | 11.9
Evocations     | 1 2 3 4 |  4.8
Shapeshifting  | 1 2 3 4 |  4.6
Armour         | 1 |  1.8
Poison Magic   | 1 |  1.2
Short Blades   | |  0.2
Staves         | |  0.5

Action                     |  1- 3 |  4- 6 |  7- 9 | 10-12 || total
---------------------------+-------+-------+-------+-------++-------
  Melee: Unarmed           |     7 |       |       |       ||     7
         Kick              |     3 |     4 |     5 |     1 ||    13
         Peck              |     3 |     1 |     3 |     1 ||     8
         Dagger            |     8 |    14 |       |       ||    22
         Punch             |       |     1 |       |       ||     1
         Staff             |       |       |    15 |     1 ||    16
   Cast: Shock             |    73 |    51 |   199 |   165 ||   488
         Static Discharge  |     2 |     7 |    24 |     7 ||    40
         Swiftness         |     1 |       |       |       ||     1
         Airstrike         |       |     4 |    17 |    52 ||    73
         Poisonous Vapours |       |       |       |    18 ||    18
    Use: Scroll            |       |       |       |    14 ||    14
   Stab: Sleeping          |     4 |     3 |     1 |       ||     8
         Distracted        |       |     1 |       |       ||     1
 Armour: Robe              |    14 |    12 |    38 |       ||    64
         Leather armour    |       |       |    19 |    36 ||    55
  Dodge: Dodged            |    32 |    13 |   133 |    71 ||   249
         Form:             |       |       |     1 |       ||     1
         Anaconda          |       |       |     1 |       ||     1

Table legend: (Time is in decaauts)
 A = Elapsed time spent in this place.
 B = Non-inter-level travel time spent in this place.
 C = Inter-level travel time spent in this place.
 D = Time resting spent in this place.
 E = Time spent auto-exploring this place.
 F = Levels seen in this place.
 G = Mean time per level.
                   A        B        C        D        E       F      G
               +--------+--------+--------+--------+--------+-----+--------+
         Total |  12059 |  11561 |    498 |    495 |   9050 |  13 |  927.6 |
       Dungeon |  11531 |  11092 |    439 |    495 |   8765 |  11 | 1048.3 |
        Temple |     59 |      1 |     58 |      0 |      0 |   1 |   59.0 |
       Ossuary |    468 |    468 |      0 |      0 |    285 |   1 |  468.0 |
               +--------+--------+--------+--------+--------+-----+--------+

Top non-repeatable levels by time:
     D:6: 1868 daAuts
    D:10: 1492 daAuts
     D:1: 1295 daAuts
     D:7: 1227 daAuts
     D:5: 1193 daAuts
     D:3: 1147 daAuts
     D:8: 1040 daAuts
     D:4: 905 daAuts
     D:9: 747 daAuts
     D:2: 611 daAuts
 Ossuary: 468 daAuts
  Temple: 59 daAuts
    D:11: 2 daAuts
